 Dungeon Crawl Stone Soup version 0.29.1-1-gd02db6906a (webtiles) character file.

Game seed: 14147194625957563190

1137 Godmorgon the Destroyer (level 8, -3/45 HPs)
             Began as a Tengu Conjurer on Oct 12, 2022.
             Was an Initiate of Vehumet.
             Slain by Duvessa
             ... wielding a +0 rapier
              (5 damage)
             ... on level 5 of the Dungeon.
             The game lasted 00:21:45 (5764 turns).

Godmorgon the Destroyer (Tengu Conjurer)            Turns: 5764, Time: 00:21:46

Health: -3/45      AC: 11    Str:  7    XL:     8   Next: 36%
Magic:  13/26      EV: 15    Int: 21    God:    Vehumet [......]
Gold:   232        SH:  0    Dex: 13    Spells: 15/18 levels left

rFire   . . .      SeeInvis .   a - +3 dagger (venom)
rCold   . . .      Faith    .   (no shield)
rNeg    . . .      Spirit   .   C - +3 robe of Dice, Bag, and Bottle {MP+9}
rPois   .          Reflect  .   (helmet restricted)
rElec   .          Harm     .   d - +0 cloak
rCorr   .          Rampage  .   u - +0 pair of gloves
Will    .....                   (boots unavailable)
Stlth   ++........              (no amulet)
HPRegen 0.15/turn               x - ring of wizardry
MPRegen 0.20/turn               A - +4 ring of protection

@: flying quickly and evasively, quick
A: beak, talons 3, nimble flight
a: Renounce Religion


You were on level 5 of the Dungeon.
You worshipped Vehumet.
Vehumet was noncommittal.
You visited 2 branches of the dungeon, and saw 6 of its levels.

You collected 232 gold pieces.

Inventory:

Hand Weapons
 a - a +3 dagger of venom (weapon)
Missiles
 g - 3 boomerangs
 j - 2 boomerangs of dispersal
 m - 14 poisoned darts
 y - 6 atropa-tipped darts
Armour
 d - a +0 cloak (worn)
 u - a +0 pair of gloves (worn)
 C - the +3 robe of Dice, Bag, and Bottle (worn) {MP+9}
   (You found it on level 5 of the Dungeon)

   MP:        It affects your magic capacity (+9).
Jewellery
 x - a ring of wizardry (left hand)
 A - a +4 ring of protection (right hand)
Wands
 f - a wand of quicksilver (1)
Scrolls
 c - 2 scrolls of identify {unknown}
 l - a scroll of vulnerability {unknown}
 o - 2 scrolls of teleportation {unknown}
 q - a scroll of summoning {unknown}
 r - 2 scrolls of brand weapon {unknown}
 s - a scroll of fog {unknown}
 v - a scroll of noise {unknown}
 w - a scroll of poison {unknown}
 z - a scroll of fear {unknown}
 B - a scroll of enchant weapon {unknown}
 F - a scroll of magic mapping {unknown}
 G - a scroll of immolation {unknown}
Potions
 b - a potion of magic
 e - 2 potions of curing
 h - a potion of mutation {unknown}
 i - a potion of flight {unknown}
 k - 4 potions of haste {unknown}
 n - 2 potions of attraction {unknown}
 p - a potion of might {unknown}
 t - a potion of lignification {unknown}
 D - a potion of heal wounds {unknown}
 E - a potion of berserk rage {unknown}


   Skills:
 + Level 2.6 Fighting
 + Level 3.0 Armour
 + Level 3.9 Dodging
 - Level 2.0 Stealth
 + Level 5.7 Spellcasting
 * Level 9.0 Conjurations


You had 15 spell levels left.
You knew the following spells:

 Your Spells              Type           Power      Damage    Failure   Level
d - Magic Dart            Conj           100%       1d8       1%          1
s - Searing Ray           Conj           88%        2d7       1%          2

Your spell library contained the following spells:

 Spells                   Type           Power      Damage    Failure   Level
 Dazzling Flash           Conj/Hex       50%        N/A       1%          3
 Fulminant Prism          Conj/Hex       12%        3d9       6%          4
 Iskenderun's Mystic Bla  Conj/Tloc      25%        2d7       6%          4
 Confusing Touch          Hex            6%         N/A       12%         3
 Yara's Violent Unravell  Hex/Tmut       3%         3d4       69%         5
 Enfeeble                 Hex            3%         N/A       100%        7


Dungeon Overview and Level Annotations

Branches:
Dungeon (5/15)             Temple (1/1) D:5

Altars:
Ashenzari
Dithmenos
Elyvilon
Hepliaklqana
Kikubaaqudgha
Makhleb
Nemelex Xobeh
Okawaru
Qazlal
Uskayaw
Vehumet
Wu Jian
Zin
The Shining One

Annotations:
D:5 Duvessa


Innate Abilities, Weirdness & Mutations

You have a beak for a mouth.
You have claws for feet.
Your magical nature lets you fly swiftly and evasively.


Message History

Duvessa hits you with a +0 rapier. Duvessa hits you but does no damage.
Casting: Searing Ray (safe; 1% risk of failure)
Confirm with . or Enter, or press ? or * to list all spells.
Aiming: Searing Ray (safe; 1% risk of failure)
Press: ? - help, Shift-Dir - straight line, f/p - Duvessa
Aim: Duvessa, wielding a +0 rapier and wearing a +0 chain mail (moderately wounded, berserk, 89% to hit)
The searing ray hits Duvessa.
Duvessa is moderately wounded. (Press . to maintain the ray.) Duvessa hits you with a +0 rapier!
The searing ray hits Duvessa!
Duvessa is severely wounded.
Duvessa hits you with a +0 rapier. Duvessa hits you but does no damage.
The searing ray hits Duvessa.
Duvessa is severely wounded.
Duvessa hits you with a +0 rapier!
* * * LOW HITPOINT WARNING * * *
The searing ray hits Duvessa!
Duvessa is almost dead.
You finish channelling your searing ray.
Duvessa closely misses you. Duvessa hits you but does no damage.
Casting: Searing Ray (safe; 1% risk of failure)
Confirm with . or Enter, or press ? or * to list all spells.
Aiming: Searing Ray (safe; 1% risk of failure)
Press: ? - help, Shift-Dir - straight line, f/p - Duvessa
Aim: Duvessa, wielding a +0 rapier and wearing a +0 chain mail (almost dead, berserk, 89% to hit)
The searing ray hits Duvessa but does no damage.
Duvessa is almost dead. (Press . to maintain the ray.) Duvessa hits you with a +0 rapier.
* * * LOW HITPOINT WARNING * * *
The searing ray hits Duvessa!
Duvessa is almost dead.
Duvessa hits you with a +0 rapier.
* * * LOW HITPOINT WARNING * * *
Duvessa hits you but does no damage.
The searing ray hits Duvessa but does no damage.
Duvessa is almost dead.
Duvessa hits you with a +0 rapier.
You die...

########.####.############
.........................#####
.........###.###########.....#
.######..# #.# #####.# .# #..#
#(# #.# .######..# #.# #.#
.........###.##### ##.####
.######........e.# #...... .#
#..###.###@# #.##### .## #..#
#.###.## #.....# ..#####(.#
#......# #...##. #........#
#####..# #..#..# #######.##
#..# #.#..#. #.# #..# #.#.#.#
#######.# #..# ##.#.#.
........# ##..######## #.#.#.
###.##### #..........###.#.#.


You could see Duvessa (berserk).

Vanquished Creatures
  Prince Ribbit (D:5)
  Sigmund (D:3)
  Eustachio (D:4)
  A water moccasin (D:5)
  An ice beast (D:5)
  Dowan (D:5)
  2 hounds (D:5)
  A jelly (D:5)
  2 iguanas (D:5)
  2 orc wizards
  Robin (D:2)
  8 adders
  An ufetubus (D:4)
  A worm (D:3)
  3 dart slugs
  14 orcs
  10 ball pythons
  11 endoplasms
  3 giant cockroaches
  11 goblins
  11 hobgoblins
  2 jackals (D:1)
  11 kobolds
  2 quokkas
  3 bats
  6 frilled lizards
  8 rats
  A spectral goblin (D:1)
120 creatures vanquished.

Vanquished Creatures (others)
  A plant (D:5)
1 creature vanquished.

Grand Total: 121 creatures vanquished

Notes
Turn   | Place    | Note
-------+----------+-------------------------------------------
     0 | D:1      | Godmorgon the Tengu Conjurer began the quest for the Orb.
     0 | D:1      | Reached XP level 1. HP: 10/10 MP: 4/4
   140 | D:1      | Found a faded altar of an unknown god.
   205 | D:1      | Reached XP level 2. HP: 15/15 MP: 4/6
   208 | D:1      | Learned a level 2 spell: Searing Ray
   703 | D:1      | Reached XP level 3. HP: 15/19 MP: 8/8
  1794 | D:2      | Noticed Robin
  1799 | D:2      | Reached skill level 6 in Conjurations
  1799 | D:2      | Reached XP level 4. HP: 22/24 MP: 6/10
  1800 | D:2      | Killed Robin
  2054 | D:3      | Noticed Sigmund
  2610 | D:4      | Noticed Eustachio
  2628 | D:4      | Gained mutation: Your magical nature lets you fly swiftly
                  | and evasively. [Tengu growth]
  2628 | D:4      | Reached XP level 5. HP: 27/28 MP: 9/11
  2637 | D:4      | Killed Eustachio
  2638 | D:4      | Reached skill level 7 in Conjurations
  2638 | D:4      | Reached XP level 6. HP: 17/32 MP: 1/14
  2870 | D:4      | Reached skill level 5 in Spellcasting
  3788 | D:5      | Entered Level 5 of the Dungeon
  3789 | D:5      | Found a white marble altar of Elyvilon.
  3978 | D:5      | Noticed Prince Ribbit
  3997 | D:5      | Killed Prince Ribbit
  3998 | D:5      | Reached skill level 1 in Fighting
  3998 | D:5      | Reached skill level 1 in Armour
  3998 | D:5      | Reached XP level 7. HP: 38/38 MP: 6/15
  4086 | D:5      | Reached skill level 8 in Conjurations
  4382 | D:5      | Found a staircase to the Ecumenical Temple.
  4387 | Temple   | Entered the Ecumenical Temple
  4638 | D:5      | Identified the +3 robe of Dice, Bag, and Bottle {MP+9}
  4794 | D:5      | Noticed Dowan
  4795 | D:5      | Noticed Duvessa
  4810 | D:5      | Killed Dowan
  4867 | D:5      | Found a stormy altar of Qazlal.
  4989 | D:5      | Reached XP level 8. HP: 44/44 MP: 17/17
  5210 | D:3      | Found a radiant altar of Vehumet.
  5218 | D:3      | Became a worshipper of Vehumet
  5251 | D:3      | Killed Sigmund
  5317 | D:3      | Found a glowing silver altar of Zin.
  5317 | D:3      | Noticed an angel
  5427 | D:3      | Reached skill level 9 in Conjurations
  5763 | D:5      | HP: 2/45 [Duvessa/+0 rapier (5)]
  5764 | D:5      | Slain by Duvessa

Illustrated notes

Levels and vault maps discovered:
D:1:      nzn_arrival_settlement, layout_loops_ring,
          dreamdust_ecumenical_altar_drowned_temple, minmay_tromino_v4_a
D:2:      layout_rooms, grunt_ministairs_1, minmay_diced_spiral, uniq_robin
D:3:      minmay_evil_eye, layout_basic, mainiacjoe_overflow_surrounded_room,
          zin_angel, uniq_sigmund
D:4:      layout_rooms, uniq_eustachio
D:5:      layout_loops_ring, nicolae_qazlal_eye_of_the_storm,
          nicolae_elyvilon_temple_path, minmay_temple_entry_steel_oval,
          uniq_prince_ribbit1, uniq_duvessa
Temple:   eino_temple_lava

Skill      XL: |  1  2  3  4  5  6  7  8 |
---------------+-------------------------+-----
Spellcasting   | 3 4 5 |  5.7
Conjurations   | 6 7 8 9 |  9.0
Fighting       | 1 2 |  2.6
Armour         | 1 2 3 |  3.0
Dodging        | 3 |  3.9
Stealth        | |  2.0

Action                   |  1- 3 |  4- 6 |  7- 9 || total
-------------------------+-------+-------+-------++-------
Melee: Dagger            |    58 |    48 |     2 ||   108
       Peck              |     5 |     3 |     1 ||     9
       Kick              |     8 |    15 |     1 ||    24
       Punch             |     1 |     2 |       ||     3
 Cast: Magic Dart        |    16 |    17 |     6 ||    39
       Searing Ray       |     2 |    20 |    23 ||    45
  Use: Potion            |       |     1 |       ||     1
 Stab: Sleeping          |     8 |     1 |       ||     9
Armor: Robe              |    17 |    12 |    11 ||    40
Dodge: Dodged            |    39 |    46 |    12 ||    97
